Map: Lerilak Crest

Players

Cereal - Winner!

  • Race: Zerg Zerg

Per

  • Race: Protoss Protoss

VOD

Have the link to the VOD?

Description

Time

  • Played on: May 1, 2015, 7:15 p.m.
  • Length: 9:23
Show
View Real Time Build Order
Export as new Build Order

Cereal Zerg - Winner!

Build Orders: 3 Hatch before Pool 

Get SALT Encoding   

  12  0:28  Hatchery  
  11  0:31  Drone  
  11  0:35  Drone  
  13  0:39  Drone  
  14  1:07  Hatchery  
  14  1:10  Drone  
  14  1:26  Spawning Pool  
  14  1:29  Drone  
  14  1:43  Drone x2  
  14  1:46  Drone x2  
  18  1:51  Drone  
  19  1:54  Drone  
  20  2:01  Overlord  
  20  2:18  Queen x2  
  20  2:21  Drone  
  20  2:22  Drone  
  26  2:25  Drone  
  26  2:27  Drone  
  28  2:30  Drone  
  28  2:34  Drone  
  28  2:35  Drone  
  32  2:37  Drone  
  32  2:42  Overlord  
  32  2:45  Drone  
  32  2:48  Drone  
  34  2:59  Queen  
  34  3:02  Drone x3  
  34  3:04  Overlord  
  39  3:10  Drone x3  
  42  3:13  Overlord  
  42  3:23  Drone x2  
  42  3:26  Drone  
  47  3:27  Drone x5  
  47  3:31  Overlord  
  47  3:32  Drone  
  47  3:33  Drone  
  52  3:38  Drone x3  
  55  3:46  Drone x2, Extractor x2  
  55  3:47  Drone  
  56  3:59  Drone x2  
  56  4:00  Drone x3  
  61  4:09  Drone x5  
  66  4:12  Extractor  
  66  4:13  Drone x2, Extractor  
  66  4:14  Hatchery, Overlord  
  66  4:16  Drone  
  66  4:32  Lair  
  66  4:35  Drone  
  66  4:36  Drone x7, Extractor  
  66  4:37  Overlord x3  
  66  4:38  Extractor  
  72  4:42  Overlord x3  
  72  4:55  Hatchery  
  72  4:56  Metabolic Boost  
  71  5:02  Zergling x16  
  79  5:11  Overlord x3  
  79  5:29  Drone  
  79  5:32  Drone  
  79  5:33  Spire  
  79  5:34  Overseer  
  80  5:37  Pneumatized Carapace  
  80  5:40  Drone x11  
  80  5:41  Hatchery  
  89  5:52  Overlord x3  
  89  5:53  Drone x7  
  89  5:54  Drone  
  97  6:01  Extractor  
  96  6:04  Extractor  
  95  6:35  Extractor  
  94  6:40  Extractor  
  94  6:45  Mutalisk x7, Zerg Flyer Weapons Level 1  
  94  6:46  Mutalisk x7  
  121  6:52  Drone x2  
  123  6:57  Hatchery  
  122  7:01  Mutalisk x3  
  122  7:03  Drone x7  
  122  7:04  Drone  
  122  7:05  Hatchery, Drone x5  
  122  7:06  Drone x3  
  143  7:08  Mutalisk  
  143  7:09  Mutalisk  
  143  7:13  Mutalisk  
  149  7:16  Zergling x10  
  149  7:21  Mutalisk x2  
  158  7:30  Overlord x3  
  158  7:31  Zergling x10  
  158  7:34  Mutalisk  
  165  7:37  Mutalisk x2  
  165  7:43  Mutalisk x3  
  173  7:50  Mutalisk x2  
  179  8:02  Mutalisk x3  
  179  8:05  Extractor  
  180  8:08  Extractor  
  180  8:10  Zergling x8  
  180  8:11  Zergling x28  
  193  8:19  Mutalisk x4, Extractor  
  194  8:21  Extractor  
  189  8:27  Mutalisk x2  
  193  8:37  Mutalisk  
  193  8:38  Mutalisk x2  
  199  8:51  Overlord x2  
  198  9:02  Infestation Pit  
Show
View Real Time Build Order
Export as new Build Order

Per Protoss 

Build Orders: 1 Gate Expand 

Get SALT Encoding   

  12  0:01  Probe  
  13  0:17  Probe  
  13  0:19  Pylon  
  14  0:37  Probe (Chrono Boost)  
  15  0:46  Gateway  
  15  0:47  Probe (Chrono Boost)  
  16  0:56  Probe  
  17  1:01  Assimilator  
  17  1:08  Probe (Chrono Boost)  
  18  1:16  Pylon  
  19  1:19  Probe (Chrono Boost)  
  19  1:33  Nexus  
  19  1:38  Probe (Chrono Boost)  
  21  1:48  Probe (Chrono Boost), Assimilator  
  21  1:55  Probe  
  22  2:07  Probe  
  23  2:19  Probe  
  24  2:25  Cybernetics Core  
  24  2:31  Probe, Zealot  
  24  2:32  Gateway  
  24  2:36  Forge  
  27  2:43  Probe (Chrono Boost)  
  28  2:45  Pylon  
  28  2:46  Probe (Chrono Boost)  
  29  2:55  Probe (Chrono Boost)  
  29  2:56  Probe (Chrono Boost)  
  31  3:02  Warp Gate (Chrono Boost)  
  32  3:06  Mothership Core (Chrono Boost)  
  32  3:07  Probe  
  32  3:11  Photon Cannon  
  34  3:18  Photon Cannon  
  34  3:19  Probe (Chrono Boost)  
  36  3:27  Probe (Chrono Boost)  
  36  3:31  Probe (Chrono Boost)  
  37  3:36  Probe (Chrono Boost)  
  37  3:38  Probe (Chrono Boost)  
  37  3:39  Sentry x2  
  37  3:41  Protoss Ground Weapons Level 1 (Chrono Boost)  
  43  3:44  Probe  
  43  3:48  Probe  
  45  3:56  Probe, Robotics Facility  
  45  4:00  Probe  
  47  4:04  Gateway  
  47  4:08  Pylon  
  47  4:12  Stalker x2  
  51  4:18  Gateway  
  51  4:26  Gateway  
  51  4:31  Probe, Assimilator  
  51  4:32  Probe  
  51  4:36  Assimilator  
  53  4:40  Immortal (Chrono Boost)  
  53  4:44  Probe  
  58  4:59  Probe x2  
  60  5:13  Pylon  
  60  5:20  Pylon  
  60  5:28  Protoss Ground Armor Level 1 (Chrono Boost)  
  60  5:30  Pylon  
  60  5:31  Probe, Immortal (Chrono Boost)  
  65  5:44  Nexus  
  65  5:45  Pylon  
  65  5:49  Stalker  
  67  5:50  Stalker x2, Twilight Council  
  67  5:53  Pylon  
  71  6:05  Pylon  
  71  6:06  Pylon  
  71  6:20  Zealot x2  
  71  6:21  Zealot, Photon Cannon  
  71  6:22  Pylon  
  77  6:27  Pylon  
  77  6:34  Twilight Council, Probe x2  
  79  6:41  Pylon  
  79  6:45  Photon Cannon  
  79  6:46  Probe (Chrono Boost)  
  79  6:47  Probe (Chrono Boost)  
  81  6:58  Probe x2 (Chrono Boost)  
  81  7:00  Observer  
  84  7:04  Probe (Chrono Boost)  
  84  7:05  Probe (Chrono Boost)  
  84  7:07  Photon Cannon, Blink (Chrono Boost)  
  86  7:14  Robotics Bay  
  86  7:18  Stalker  
  86  7:19  Stalker x4  
  98  7:23  Probe x2 (Chrono Boost)  
  98  7:28  Probe (Chrono Boost)  
  99  7:32  Probe (Chrono Boost)  
  100  7:41  Pylon, Photon Cannon  
  100  7:42  Pylon  
  100  7:44  Photon Cannon  
  100  7:48  Photon Cannon  
  98  8:13  Templar Archives  
  92  8:20  Pylon  
  92  8:25  Photon Cannon x2  
  92  8:45  Photon Cannon  
  92  8:46  Photon Cannon  
  92  8:47  Pylon  
Tags
 
Add a new tag
Caveats
  • Supply blocks, unpowered buildings, or Contaminate may cause inaccurate times.
  • Supply counts are checked every 10 seconds.